 Dungeon Crawl Stone Soup version 0.32-a0-886-g41c5271027 (webtiles) character file.

Game seed: 14837927233750211608

27 KennySheep the Cudgeller (level 3, 0/30 HPs)
             Began as a Formicid Cinder Acolyte on Apr 3, 2024.
             Was a High Priest of Ignis.
             Slain by a ribbon worm (7 damage)
             ... on level 2 of the Dungeon.
             The game lasted 00:02:22 (1018 turns).

KennySheep the Cudgeller (Formicid Cinder Acolyte)  Turns: 1018, Time: 00:02:23

Health: 0/30       AC:  3    Str: 18    XL:     3   Next: 25%
Magic:  2/4        EV:  5    Int: 15    God:    Ignis [*****.]
Gold:   20         SH:  0    Dex:  9    Spells: 2/4 levels left

rFire   + + .        a - -1 mace (flame)
rCold   + . .        (no shield)
rNeg    . . .        b - +0 robe
rPois   .            (helmet unavailable)
rElec   .            i - scarf {rC+ rF+}
rCorr   .            c - +0 pair of gloves
SInv    +            (no boots)
Will    .....        (no amulet)
Stlth   +            (no ring)
HPRegen 0.25/turn    (no ring)
MPRegen 0.09/turn

%: no passive effects
@: held
A: permanent stasis, dig shafts and tunnels, antennae 3, four strong arms
a: Dig, Shaft Self, Renounce Religion, Fiery Armour, Foxfire Swarm, Rising Flame


You were on level 2 of the Dungeon.
You worshipped Ignis.
Ignis was extremely pleased with you.
You visited 1 branch of the dungeon, and saw 2 of its levels.

You collected 20 gold pieces.

Inventory:

Hand Weapons
 a - a -1 mace of flaming (weapon)
Armour
 b - a +0 robe (worn)
 c - a +0 pair of gloves (worn)
 e - a +0 cloak
 i - a scarf of resistance (worn)
Magical Staves
 d - a staff of conjuration
Wands
 h - a wand of warping (5)
Scrolls
 f - a scroll of revelation {unknown}
Potions
 g - a potion of ambrosia {unknown}


   Skills:
 + Level 3.7 Fighting
 - Level 3.7 Maces & Flails
 + Level 0.2(2.2) Staves
 + Level 1.1 Spellcasting
 + Level 0.0 Conjurations
 * Level 3.0 Fire Magic
 + Level 0.0 Evocations


You had 2 spell levels left.
You knew the following spells:

 Your Spells              Type           Power      Damage    Failure   Level
a - Scorch                Fire           20%        2d5       11%         2

Your spell library contained the following spells:

 Spells                   Type           Power      Damage    Failure   Level
 Slow                     Hex            0%         N/A       24%         1
 Confusing Touch          Hex            0%         N/A       58%         3
 Vampiric Draining        Necr           0%         2d6       58%         3


Dungeon Overview and Level Annotations

Branches:
Dungeon (2/15)

Altars:


Innate Abilities, Weirdness & Mutations

You cannot be hasted, slowed, berserked, paralysed or teleported.
You can dig through walls and to a lower floor.
You have a pair of large antennae on your head. (SInv)
Your four strong arms can wield two-handed weapons with a shield.


Message History

The ribbon worm bites you.
Your -1 mace of flaming bursts into flame!
a - a -1 mace of flaming (weapon)
The ribbon worm expels a string of sticky webbing.
The stream of webbing hits you but does no damage.
You are caught in a web!
You struggle to detach yourself from the web.
The web tears apart.
The ribbon worm closely misses you.
You hit the ribbon worm but do no damage.
The ribbon worm is heavily wounded.
The ribbon worm bites you.
You hit the ribbon worm. You burn the ribbon worm.
The ribbon worm is severely wounded.
The ribbon worm bites you.
You hit the ribbon worm but do no damage.
The ribbon worm is heavily wounded.
The ribbon worm expels a string of sticky webbing.
The stream of webbing misses you.
You hit the ribbon worm. You burn the ribbon worm.
The ribbon worm is severely wounded.
The ribbon worm barely misses you.
You barely miss the ribbon worm.
The ribbon worm is severely wounded.
The ribbon worm bites you.
You hit the ribbon worm but do no damage.
The ribbon worm is heavily wounded.
The ribbon worm expels a string of sticky webbing.
The stream of webbing hits you but does no damage.
You are caught in a web!
You struggle to detach yourself from the web.
The ribbon worm bites you!
* * * LOW HITPOINT WARNING * * *
You struggle to detach yourself from the web.
The ribbon worm expels a string of sticky webbing.
The stream of webbing misses you.
You struggle to detach yourself from the web.
You struggle to detach yourself from the web.
The ribbon worm bites you!
You die...
Ignis goes out, and joins you in death.

..............#
####......#####
##......########
#...............
#.#.#....####...
#.#.#....###### , #
#......#....###.#
##.#.#.#..+....wK..#
.....#.##.#...@#####..
#......................
#...######.#....#####...
## #.#............
#####.#.....####..
#.....#.....#
#.#####.....# #####.#
#.#


You could see a ribbon worm (catching breath) and a kobold.

Vanquished Creatures
  A dart slug (D:1)
  2 ball pythons (D:1)
  A bat (D:1)
  2 endoplasms (D:1)
  2 giant cockroaches (D:1)
  3 hobgoblins (D:1)
  A quokka (D:1)
  A frilled lizard (D:1)
  5 goblins (D:1)
  2 kobolds (D:1)
  2 rats (D:1)
22 creatures vanquished.

Notes
Turn   | Place    | Note
-------+----------+-------------------------------------------
     0 | D:1      | KennySheep the Formicid Cinder Acolyte began the quest for
                  | the Orb.
     0 | D:1      | Reached XP level 1. HP: 18/18 MP: 2/2
   115 | D:1      | Reached XP level 2. HP: 24/24 MP: 3/3
   451 | D:1      | Reached XP level 3. HP: 30/30 MP: 4/4
   456 | D:1      | Learned a level 2 spell: Scorch
  1018 | D:2      | Slain by a ribbon worm

Illustrated notes

Levels and vault maps discovered:
D:1:      mrwooster_arrival_statue, layout_basic, minmay_misc_feat_encased,
          minmay_misc_feat_four_crosses
D:2:      layout_basic, grunt_decor_one_mirror

Action                     || total
---------------------------++-------
  Melee: Mace              ||    46
         Staff             ||     5
   Cast: Scorch            ||     7
   Stab: Sleeping          ||     1
 Armour: Robe              ||    29
  Dodge: Dodged            ||    25

Table legend: (Time is in decaauts)
 A = Elapsed time spent in this place.
 B = Non-inter-level travel time spent in this place.
 C = Inter-level travel time spent in this place.
 D = Time resting spent in this place.
 E = Time spent auto-exploring this place.
 F = Levels seen in this place.
 G = Mean time per level.
                   A        B        C        D        E       F      G
               +--------+--------+--------+--------+--------+-----+--------+
         Total |   1027 |    990 |     37 |      0 |    787 |   2 |  513.5 |
       Dungeon |   1027 |    990 |     37 |      0 |    787 |   2 |  513.5 |
               +--------+--------+--------+--------+--------+-----+--------+

Top non-repeatable levels by time:
     D:1: 929 daAuts
     D:2: 97 daAuts
